[ AOE2 MATCH · #468336952 ]
UnrankedCumans vs Teutons
[ REPLAY ANALYSIS · EXTRACTED FROM THE RECORDED GAME ]
Feudal
8:29
Castle
19:19
Imperial
30:59
| APM avg | 53.7 |
| APM peak | 110 |
| eAPM avg | 29.8 |
| Villagers / military | 166 / 247 |
Focus
⚔️ 40.0% · 🌾 60.0%
Spearman ×142 · Knight ×102 · Scout Cavalry ×2 · Monk ×1
Feudal
10:41
Castle
14:17
Imperial
30:05
| APM avg | 55.6 |
| APM peak | 128 |
| eAPM avg | 18.4 |
| Villagers / military | 94 / 54 |
Focus
⚔️ 38.4% · 🌾 61.6%
Conquistador ×50 · Trebuchet (Packed) ×4
Feudal
8:45
Castle
22:55
Imperial
33:14
| APM avg | 53.6 |
| APM peak | 117 |
| eAPM avg | 34.4 |
| Villagers / military | 141 / 147 |
Focus
⚔️ 41.1% · 🌾 58.9%
Spearman ×132 · Battering Ram ×15
Feudal
10:10
Castle
14:08
Imperial
33:37
| APM avg | 50.5 |
| APM peak | 94 |
| eAPM avg | 26.7 |
| Villagers / military | 181 / 98 |
Focus
⚔️ 39.7% · 🌾 60.3%
Conquistador ×87 · Battering Ram ×6 · Trebuchet (Packed) ×4 · Missionary ×1
Feudal
12:13
Castle
15:24
Imperial
30:10
| APM avg | 31.5 |
| APM peak | 62 |
| eAPM avg | 23.9 |
| Villagers / military | 179 / 225 |
Focus
⚔️ 45.5% · 🌾 54.5%
Battle Elephant ×191 · Scout Cavalry ×27 · Ballista Elephant ×5 · Trebuchet (Packed) ×2
Feudal
11:14
Castle
13:58
Imperial
31:05
| APM avg | 35.5 |
| APM peak | 76 |
| eAPM avg | 19.2 |
| Villagers / military | 145 / 158 |
Focus
⚔️ 25.6% · 🌾 74.4%
Battle Elephant ×135 · Knight ×13 · Trebuchet (Packed) ×6 · Monk ×3 · Ballista Elephant ×1
Feudal
10:32
Castle
14:52
Imperial
31:50
| APM avg | 22.4 |
| APM peak | 50 |
| eAPM avg | 14.4 |
| Villagers / military | 122 / 150 |
Focus
⚔️ 23.4% · 🌾 76.6%
Elephant Archer ×112 · Spearman ×35 · Trebuchet (Packed) ×2 · Mangonel ×1
Feudal
10:56
Castle
14:57
Imperial
28:29
| APM avg | 54.7 |
| APM peak | 116 |
| eAPM avg | 34.5 |
| Villagers / military | 144 / 163 |
Focus
⚔️ 32.0% · 🌾 68.0%
Scout Cavalry ×77 · Elephant Archer ×63 · Battle Elephant ×13 · Trebuchet (Packed) ×8 · Monk ×2
Match map
Initial resources + every placement click. Lines = walls · curves = elevation contours. ◆ gold · ⬟ stone · ● berries · ✦ relic · ◌ wall gap
Your base· ✓ Closed at 19:19 · 0t walls · 3 gate(s)
gimme the rent's base· ✓ Closed at 14:17 · 0t walls · 2 gate(s)
Panda's base· ✓ Closed at 22:55 · 11t walls · 2 gate(s)
EXILE | Kenny McCormick's base· ✓ Closed at 14:08 · 0t walls · 3 gate(s)
hK | GAGAYA's base· ✓ Closed at 15:24 · 0t walls · 2 gate(s)
La hermana Nancy's base· ✓ Closed at 13:58 · 0t walls · 2 gate(s)
张宇腾's base· ✓ Closed at 14:52 · 37t walls · 3 gate(s)
Ux'unreal.'s base· ✓ Closed at 14:57 · 0t walls · 2 gate(s)
Smoothed initial terrain · ◌ = detected wall gap · hover for details
Inputs per minute
— KidCudi - - gimme the rent
Build order — KidCudi
First 150 of 658 actions detected
| 0:01 | Queue | Villager (Male) |
| 0:02 | Queue | Villager (Male) |
| 0:03 | Build | House |
| 0:04 | Build | House |
| 0:08 | Queue | Villager (Male) |
| 0:08 | Queue | Villager (Male) |
| 1:27 | Queue | Villager (Male) |
| 1:47 | Build | Lumber Camp |
| 2:02 | Queue | Villager (Male) |
| 2:08 | Queue | Villager (Male) |
| 2:09 | Queue | Villager (Male) |
| 2:40 | Queue | Villager (Male) |
| 3:03 | Queue | Villager (Male) |
| 3:24 | Build | House |
| 3:41 | Queue | Villager (Male) |
| 3:55 | Queue | Villager (Male) |
| 4:14 | Queue | Villager (Male) |
| 4:42 | Queue | Villager (Male) |
| 5:07 | Build | Mill |
| 5:09 | Queue | Villager (Male) |
| 5:44 | Queue | Villager (Male) |
| 6:14 | Queue | Villager (Male) |
| 6:19 | Research | Feudal Age |
| 7:12 | Build | House |
| 8:16 | Queue | Villager (Male) |
| 8:29 | Age | Feudal Age |
| 8:31 | Build | Town Center |
| 8:33 | Research | Double-Bit Axe |
| 8:33 | Research | Double-Bit Axe |
| 8:50 | Research | Horse Collar |
| 8:53 | Queue | Villager (Male) |
| 9:01 | Queue | Villager (Male) |
| 9:34 | Build | Farm |
| 9:36 | Build | Farm |
| 9:41 | Queue | Villager (Male) |
| 9:47 | Build | Farm |
| 10:03 | Queue | Villager (Male) |
| 10:16 | Build | Farm |
| 10:19 | Queue | Villager (Male) |
| 10:22 | Build | Farm |
| 10:40 | Queue | Villager (Male) |
| 10:40 | Queue | Villager (Male) |
| 10:43 | Build | Farm |
| 10:51 | Queue | Villager (Male) |
| 10:51 | Queue | Villager (Male) |
| 11:00 | Build | Farm |
| 11:07 | Queue | Villager (Male) |
| 11:11 | Build | Farm |
| 11:14 | Queue | Villager (Male) |
| 11:28 | Build | Farm |
| 11:30 | Queue | Villager (Male) |
| 11:37 | Build | House |
| 11:40 | Queue | Villager (Male) |
| 11:52 | Build | Farm |
| 12:02 | Build | House |
| 12:04 | Queue | Villager (Male) |
| 12:06 | Queue | Villager (Male) |
| 12:14 | Queue | Villager (Male) |
| 12:24 | Queue | Villager (Male) |
| 12:28 | Build | House |
| 12:29 | Build | House |
| 12:31 | Queue | Villager (Male) |
| 12:36 | Queue | Villager (Male) |
| 12:37 | Queue | Villager (Male) |
| 12:50 | Build | Farm |
| 12:54 | Build | Farm |
| 13:02 | Research | Wheelbarrow |
| 13:12 | Build | Farm |
| 13:27 | Queue | Villager (Male) |
| 13:30 | Queue | Villager (Male) |
| 13:33 | Build | House |
| 13:37 | Build | Farm |
| 13:46 | Build | Farm |
| 13:54 | Build | House |
| 13:55 | Build | House |
| 13:56 | Build | House |
| 14:02 | Queue | Villager (Male) |
| 14:10 | Build | Farm |
| 14:13 | Queue | Villager (Male) |
| 14:22 | Build | Farm |
| 14:51 | Queue | Villager (Male) |
| 14:55 | Build | Blacksmith |
| 14:58 | Queue | Villager (Male) |
| 15:08 | Build | Farm |
| 15:15 | Queue | Villager (Male) |
| 15:26 | Queue | Villager (Male) |
| 15:29 | Queue | Villager (Male) |
| 15:46 | Build | Market |
| 15:52 | Queue | Villager (Male) |
| 16:04 | Build | Lumber Camp |
| 16:14 | Queue | Villager (Male) |
| 16:21 | Queue | Villager (Male) |
| 16:23 | Research | Castle Age |
| 16:50 | Build | Mining Camp |
| 17:00 | Queue | Villager (Male) |
| 17:04 | Queue | Villager (Male) |
| 17:10 | Research | Forging |
| 17:13 | Build | Barracks |
| 17:34 | Queue | Villager (Male) |
| 17:36 | Queue | Villager (Male) |
| 17:41 | Build | Farm |
| 17:44 | Queue | Villager (Male) |
| 17:54 | Queue | Villager (Male) |
| 17:58 | Build | Stable |
| 18:06 | Build | Stable |
| 18:12 | Build | Stable |
| 18:20 | Build | House |
| 18:23 | Build | House |
| 18:29 | Build | House |
| 18:31 | Research | Scale Barding Armor |
| 18:31 | Research | Scale Barding Armor |
| 18:37 | Build | Farm |
| 18:39 | Research | Gold Mining |
| 18:45 | Build | Farm |
| 18:48 | Build | Farm |
| 18:51 | Build | Farm |
| 18:59 | Build | Farm |
| 19:16 | Research | Bloodlines |
| 19:19 | Age | Castle Age |
| 19:23 | Research | Bow Saw |
| 19:24 | Research | Bow Saw |
| 19:27 | Queue | Knight |
| 19:27 | Queue | Knight |
| 19:40 | Queue | Knight |
| 19:40 | Queue | Knight |
| 19:40 | Queue | Knight |
| 19:41 | Queue | Knight |
| 19:47 | Queue | Villager (Male) |
| 19:47 | Queue | Villager (Male) |
| 19:48 | Queue | Villager (Male) |
| 19:51 | Queue | Villager (Male) |
| 19:52 | Queue | Villager (Male) |
| 19:57 | Build | Town Center |
| 20:00 | Queue | Villager (Male) |
| 20:11 | Queue | Villager (Male) |
| 20:15 | Queue | Villager (Male) |
| 20:16 | Queue | Villager (Male) |
| 20:19 | Queue | Knight |
| 20:19 | Queue | Knight |
| 20:19 | Queue | Knight |
| 20:24 | Queue | Villager (Male) |
| 20:30 | Queue | Villager (Male) |
| 20:32 | Build | Farm |
| 20:40 | Build | Farm |
| 20:43 | Build | Farm |
| 20:46 | Build | Farm |
| 20:52 | Build | Farm |
| 20:53 | Build | Farm |
| 20:56 | Build | Farm |
| 21:00 | Build | Farm |
Build order — gimme the rent
First 150 of 264 actions detected
| 0:01 | Queue | Villager (Male) |
| 0:02 | Queue | Villager (Male) |
| 0:02 | Queue | Villager (Male) |
| 0:02 | Queue | Villager (Male) |
| 0:03 | Queue | Villager (Male) |
| 0:04 | Build | House |
| 0:05 | Build | House |
| 1:27 | Queue | Villager (Male) |
| 1:27 | Queue | Villager (Male) |
| 1:48 | Build | Lumber Camp |
| 2:02 | Queue | Villager (Male) |
| 2:03 | Queue | Villager (Male) |
| 2:18 | Queue | Villager (Male) |
| 2:56 | Queue | Villager (Male) |
| 2:56 | Queue | Villager (Male) |
| 2:56 | Queue | Villager (Male) |
| 3:49 | Queue | Villager (Male) |
| 3:51 | Build | Mill |
| 4:05 | Queue | Villager (Male) |
| 4:05 | Queue | Villager (Male) |
| 4:05 | Queue | Villager (Male) |
| 4:19 | Build | House |
| 4:44 | Build | House |
| 4:57 | Queue | Villager (Male) |
| 5:32 | Queue | Villager (Male) |
| 5:32 | Queue | Villager (Male) |
| 5:33 | Queue | Villager (Male) |
| 6:48 | Queue | Villager (Male) |
| 6:48 | Queue | Villager (Male) |
| 6:49 | Queue | Villager (Male) |
| 6:49 | Queue | Villager (Male) |
| 6:49 | Queue | Villager (Male) |
| 7:20 | Build | Mining Camp |
| 8:05 | Research | Feudal Age |
| 8:09 | Queue | Villager (Male) |
| 9:42 | Build | Farm |
| 10:25 | Build | Farm |
| 10:41 | Age | Feudal Age |
| 10:45 | Build | Market |
| 10:47 | Build | Blacksmith |
| 11:06 | Research | Loom |
| 11:26 | Build | Farm |
| 11:37 | Research | Castle Age |
| 11:37 | Research | Castle Age |
| 11:58 | Build | Mining Camp |
| 12:42 | Build | House |
| 12:43 | Build | House |
| 13:20 | Research | Double-Bit Axe |
| 13:25 | Research | Horse Collar |
| 14:03 | Queue | Villager (Male) |
| 14:17 | Age | Castle Age |
| 14:54 | Build | Castle |
| 14:57 | Build | Stone Wall |
| 15:03 | Queue | Villager (Male) |
| 15:05 | Build | Farm |
| 15:07 | Build | Farm |
| 15:10 | Build | Farm |
| 15:15 | Queue | Villager (Male) |
| 15:25 | Build | Farm |
| 15:41 | Queue | Villager (Male) |
| 15:52 | Queue | Conquistador |
| 15:52 | Queue | Conquistador |
| 15:58 | Build | Farm |
| 16:12 | Queue | Villager (Male) |
| 16:12 | Queue | Villager (Male) |
| 16:12 | Queue | Villager (Male) |
| 16:16 | Build | Farm |
| 16:39 | Queue | Conquistador |
| 16:39 | Queue | Conquistador |
| 16:43 | Build | Farm |
| 16:44 | Build | Farm |
| 17:00 | Queue | Villager (Male) |
| 17:02 | Build | Farm |
| 17:12 | Build | Farm |
| 17:21 | Queue | Conquistador |
| 17:21 | Queue | Conquistador |
| 17:39 | Queue | Villager (Male) |
| 17:40 | Queue | Villager (Male) |
| 17:40 | Queue | Villager (Male) |
| 17:42 | Build | Farm |
| 18:02 | Queue | Conquistador |
| 18:02 | Queue | Conquistador |
| 18:18 | Build | Farm |
| 18:22 | Queue | Conquistador |
| 18:31 | Queue | Villager (Male) |
| 18:31 | Queue | Villager (Male) |
| 18:31 | Queue | Villager (Male) |
| 18:34 | Build | Farm |
| 18:46 | Build | Barracks |
| 18:49 | Queue | Conquistador |
| 18:49 | Queue | Conquistador |
| 18:56 | Build | Farm |
| 19:04 | Queue | Villager (Male) |
| 19:04 | Queue | Villager (Male) |
| 19:18 | Build | Farm |
| 19:21 | Queue | Conquistador |
| 19:21 | Queue | Conquistador |
| 19:38 | Build | Farm |
| 19:43 | Queue | Conquistador |
| 19:52 | Queue | Villager (Male) |
| 20:23 | Build | Stable |
| 20:25 | Queue | Conquistador |
| 20:30 | Queue | Villager (Male) |
| 20:30 | Queue | Villager (Male) |
| 20:44 | Queue | Conquistador |
| 21:16 | Research | Bloodlines |
| 21:16 | Research | Bloodlines |
| 22:04 | Queue | Conquistador |
| 22:04 | Queue | Conquistador |
| 22:07 | Research | Padded Archer Armor |
| 22:07 | Research | Padded Archer Armor |
| 22:17 | Research | Husbandry |
| 22:17 | Research | Husbandry |
| 22:17 | Research | Husbandry |
| 22:30 | Queue | Villager (Male) |
| 22:31 | Queue | Villager (Male) |
| 22:37 | Build | Farm |
| 22:39 | Build | Farm |
| 23:03 | Queue | Villager (Male) |
| 23:03 | Queue | Villager (Male) |
| 23:11 | Build | Farm |
| 23:16 | Build | Town Center |
| 23:25 | Queue | Villager (Male) |
| 23:28 | Build | Mill |
| 23:29 | Build | Farm |
| 23:29 | Build | Farm |
| 23:29 | Build | Farm |
| 23:30 | Build | Farm |
| 23:30 | Build | Farm |
| 23:33 | Queue | Conquistador |
| 23:35 | Queue | Conquistador |
| 24:11 | Queue | Villager (Male) |
| 24:11 | Queue | Villager (Male) |
| 24:12 | Queue | Villager (Male) |
| 24:15 | Research | Bow Saw |
| 24:16 | Research | Bow Saw |
| 24:33 | Queue | Villager (Male) |
| 25:00 | Queue | Villager (Male) |
| 25:26 | Queue | Villager (Male) |
| 25:27 | Queue | Villager (Male) |
| 25:30 | Build | Lumber Camp |
| 25:50 | Build | Farm |
| 25:55 | Build | Farm |
| 26:55 | Research | Imperial Age |
| 26:55 | Research | Imperial Age |
| 26:55 | Research | Imperial Age |
| 27:05 | Build | Outpost |
| 27:23 | Queue | Conquistador |
| 27:24 | Queue | Conquistador |
| 27:24 | Queue | Conquistador |
Build order — Panda
First 150 of 411 actions detected
| 0:01 | Queue | Villager (Male) |
| 0:02 | Build | House |
| 0:04 | Build | House |
| 0:08 | Queue | Villager (Male) ×3 |
| 1:11 | Queue | Villager (Male) |
| 1:59 | Queue | Villager (Male) |
| 2:12 | Build | Lumber Camp |
| 2:20 | Queue | Villager (Male) |
| 2:49 | Queue | Villager (Male) |
| 3:10 | Build | House |
| 3:16 | Queue | Villager (Male) |
| 3:50 | Queue | Villager (Male) |
| 4:07 | Queue | Villager (Male) |
| 4:25 | Queue | Villager (Male) |
| 4:59 | Queue | Villager (Male) ×2 |
| 5:20 | Build | Mining Camp |
| 5:29 | Queue | Villager (Male) ×2 |
| 5:50 | Research | Loom |
| 6:35 | Research | Feudal Age |
| 6:36 | Research | Feudal Age |
| 7:44 | Build | House |
| 7:58 | Queue | Villager (Male) |
| 8:15 | Queue | Villager (Male) |
| 8:45 | Age | Feudal Age |
| 8:50 | Queue | Villager (Male) |
| 8:56 | Build | Watch Tower |
| 8:58 | Queue | Villager (Male) |
| 8:59 | Research | Double-Bit Axe |
| 9:52 | Build | House |
| 9:55 | Queue | Villager (Male) |
| 10:09 | Queue | Villager (Male) |
| 10:12 | Build | Mill |
| 10:22 | Queue | Villager (Male) |
| 10:39 | Build | Watch Tower |
| 10:49 | Queue | Villager (Male) |
| 11:36 | Queue | Villager (Male) |
| 11:49 | Build | Watch Tower |
| 12:09 | Build | Farm |
| 12:09 | Research | Horse Collar |
| 12:17 | Build | Farm |
| 12:48 | Queue | Villager (Male) |
| 12:53 | Build | Farm |
| 12:58 | Queue | Villager (Male) |
| 13:26 | Build | Farm |
| 13:44 | Queue | Villager (Male) |
| 13:47 | Build | Blacksmith |
| 13:52 | Queue | Villager (Male) |
| 14:13 | Build | House |
| 14:23 | Build | Palisade Wall |
| 14:24 | Build | Palisade Wall |
| 14:24 | Build | Palisade Wall |
| 14:25 | Build | Palisade Wall |
| 14:25 | Build | Palisade Wall |
| 14:25 | Build | Palisade Wall |
| 14:46 | Queue | Villager (Male) |
| 15:17 | Queue | Villager (Male) |
| 15:29 | Build | Palisade Wall |
| 15:30 | Build | Palisade Wall |
| 15:30 | Build | Palisade Wall |
| 15:31 | Build | Palisade Wall |
| 15:31 | Build | Palisade Wall |
| 15:33 | Queue | Villager (Male) |
| 15:59 | Build | Palisade Wall |
| 16:12 | Build | Outpost |
| 16:19 | Queue | Villager (Male) |
| 16:23 | Build | Farm |
| 16:28 | Build | Market |
| 16:34 | Build | Farm |
| 16:34 | Build | Farm |
| 16:37 | Queue | Villager (Male) |
| 16:49 | Build | House |
| 17:06 | Build | Mill |
| 17:16 | Build | Outpost |
| 17:17 | Queue | Villager (Male) |
| 17:30 | Build | Outpost |
| 17:35 | Build | Farm |
| 17:36 | Build | Farm |
| 17:37 | Build | Farm |
| 17:39 | Queue | Villager (Male) |
| 17:41 | Build | House |
| 17:43 | Build | House |
| 17:57 | Queue | Villager (Male) |
| 18:15 | Queue | Villager (Male) |
| 18:34 | Build | Outpost |
| 18:37 | Queue | Villager (Male) |
| 19:02 | Build | Farm |
| 19:25 | Build | Farm |
| 19:30 | Build | Farm |
| 20:14 | Build | House |
| 20:15 | Research | Castle Age |
| 20:15 | Research | Castle Age |
| 20:55 | Queue | Villager (Male) |
| 21:09 | Build | Outpost |
| 21:16 | Build | House |
| 21:17 | Queue | Villager (Male) |
| 21:21 | Research | Gold Mining |
| 21:38 | Build | Barracks |
| 22:45 | Queue | Villager (Male) |
| 22:55 | Age | Castle Age |
| 23:03 | Build | Town Center |
| 23:04 | Research | Bow Saw |
| 23:13 | Build | Outpost |
| 23:20 | Queue | Villager (Male) |
| 23:26 | Build | Town Center |
| 23:37 | Research | Wheelbarrow |
| 23:39 | Research | Heavy Plow |
| 23:40 | Queue | Villager (Male) ×5 |
| 23:51 | Build | Outpost |
| 23:58 | Queue | Villager (Male) |
| 24:14 | Queue | Villager (Male) |
| 24:20 | Build | Farm |
| 24:21 | Build | Farm |
| 24:23 | Build | Farm |
| 24:24 | Build | Farm |
| 24:26 | Build | Farm |
| 24:27 | Queue | Villager (Male) ×5 |
| 24:42 | Build | Farm |
| 24:44 | Build | Farm |
| 24:46 | Build | Farm |
| 24:47 | Queue | Villager (Male) |
| 24:51 | Queue | Villager (Male) |
| 25:19 | Queue | Villager (Male) |
| 25:30 | Build | Farm |
| 25:37 | Build | Town Center |
| 25:39 | Queue | Villager (Male) |
| 25:59 | Queue | Villager (Male) |
| 26:00 | Build | Farm |
| 26:01 | Build | Farm |
| 26:07 | Build | Farm |
| 26:07 | Build | Farm |
| 26:09 | Queue | Villager (Male) |
| 26:23 | Queue | Villager (Male) ×5 |
| 26:25 | Build | Farm |
| 26:38 | Build | Farm |
| 26:40 | Build | Farm |
| 26:41 | Queue | Villager (Male) |
| 26:43 | Queue | Villager (Male) |
| 26:45 | Research | Stone Mining |
| 26:56 | Build | Barracks |
| 27:00 | Queue | Villager (Male) |
| 27:04 | Build | Farm |
| 27:05 | Build | Farm |
| 27:38 | Build | Barracks |
| 27:43 | Queue | Villager (Male) |
| 27:52 | Build | Farm |
| 27:59 | Queue | Villager (Male) |
| 28:03 | Build | University |
| 28:11 | Queue | Villager (Male) |
| 28:14 | Queue | Villager (Male) |
| 28:16 | Queue | Villager (Male) |
Build order — EXILE | Kenny McCormick
First 150 of 443 actions detected
| 0:00 | Queue | Villager (Male) |
| 0:01 | Queue | Villager (Male) |
| 0:02 | Build | House |
| 0:03 | Build | House |
| 0:34 | Queue | Villager (Male) |
| 0:35 | Queue | Villager (Male) |
| 1:26 | Queue | Villager (Male) |
| 1:52 | Build | Lumber Camp |
| 2:07 | Queue | Villager (Male) |
| 2:07 | Queue | Villager (Male) |
| 2:19 | Queue | Villager (Male) |
| 2:37 | Queue | Villager (Male) |
| 3:06 | Queue | Villager (Male) |
| 3:06 | Queue | Villager (Male) |
| 3:38 | Queue | Villager (Male) |
| 3:57 | Build | House |
| 4:02 | Queue | Villager (Male) |
| 4:02 | Queue | Villager (Male) |
| 4:12 | Queue | Villager (Male) |
| 4:25 | Build | House |
| 4:30 | Build | Mill |
| 4:43 | Queue | Villager (Male) |
| 4:43 | Queue | Villager (Male) |
| 4:59 | Queue | Villager (Male) |
| 4:59 | Queue | Villager (Male) |
| 5:15 | Queue | Villager (Male) |
| 5:15 | Queue | Villager (Male) |
| 5:35 | Queue | Villager (Male) |
| 5:35 | Queue | Villager (Male) |
| 5:46 | Queue | Villager (Male) |
| 6:11 | Queue | Villager (Male) |
| 6:21 | Build | Farm |
| 6:26 | Queue | Villager (Male) |
| 6:46 | Build | Mining Camp |
| 8:00 | Research | Feudal Age |
| 8:19 | Build | Farm |
| 8:26 | Queue | Villager (Male) |
| 9:00 | Queue | Villager (Male) |
| 10:10 | Age | Feudal Age |
| 10:12 | Build | Market |
| 10:16 | Build | Blacksmith |
| 11:28 | Research | Castle Age |
| 11:45 | Build | Farm |
| 12:34 | Research | Double-Bit Axe |
| 12:40 | Build | Farm |
| 12:55 | Research | Horse Collar |
| 12:55 | Research | Horse Collar |
| 13:01 | Build | House |
| 13:07 | Queue | Villager (Male) |
| 13:10 | Build | Farm |
| 13:38 | Build | Farm |
| 13:48 | Queue | Villager (Male) |
| 14:08 | Age | Castle Age |
| 14:22 | Build | Castle |
| 14:28 | Queue | Villager (Male) |
| 14:51 | Queue | Villager (Male) |
| 15:19 | Build | Town Center |
| 15:23 | Queue | Villager (Male) |
| 15:31 | Queue | Villager (Male) |
| 15:41 | Queue | Villager (Male) |
| 15:47 | Build | Farm |
| 16:07 | Queue | Villager (Male) |
| 16:11 | Build | House |
| 16:13 | Queue | Conquistador |
| 16:18 | Queue | Villager (Male) |
| 16:23 | Build | Farm |
| 16:32 | Build | Farm |
| 16:38 | Queue | Villager (Male) |
| 16:47 | Build | Farm |
| 16:49 | Queue | Villager (Male) |
| 17:02 | Queue | Villager (Male) |
| 17:04 | Build | Farm |
| 17:15 | Build | Stone Wall |
| 17:15 | Build | House |
| 17:17 | Queue | Conquistador |
| 17:34 | Queue | Villager (Male) |
| 17:34 | Queue | Villager (Male) |
| 17:43 | Build | Farm |
| 17:44 | Build | Farm |
| 17:51 | Queue | Villager (Male) |
| 17:54 | Build | Farm |
| 18:00 | Build | Farm |
| 18:01 | Queue | Villager (Male) |
| 18:02 | Research | Loom |
| 18:16 | Build | Farm |
| 18:20 | Queue | Villager (Male) |
| 18:32 | Queue | Conquistador |
| 18:33 | Queue | Conquistador |
| 18:45 | Build | Farm |
| 18:47 | Build | Farm |
| 18:49 | Build | Farm |
| 18:51 | Queue | Villager (Male) |
| 18:51 | Queue | Villager (Male) |
| 18:54 | Build | House |
| 19:00 | Queue | Conquistador |
| 19:02 | Queue | Villager (Male) |
| 19:02 | Queue | Villager (Male) |
| 19:05 | Queue | Villager (Male) |
| 19:05 | Queue | Villager (Male) |
| 19:18 | Queue | Villager (Male) |
| 19:34 | Queue | Conquistador |
| 19:45 | Queue | Villager (Male) |
| 19:48 | Queue | Villager (Male) |
| 19:48 | Queue | Villager (Male) |
| 19:49 | Build | Monastery |
| 20:01 | Queue | Villager (Male) |
| 20:12 | Queue | Villager (Male) |
| 20:20 | Queue | Conquistador |
| 20:24 | Queue | Missionary |
| 20:29 | Queue | Villager (Male) |
| 20:42 | Queue | Villager (Male) |
| 20:57 | Queue | Conquistador |
| 21:02 | Queue | Villager (Male) |
| 21:03 | Queue | Villager (Male) |
| 21:06 | Build | Town Center |
| 21:14 | Queue | Conquistador |
| 21:26 | Queue | Villager (Male) |
| 21:40 | Queue | Conquistador |
| 21:56 | Queue | Villager (Male) |
| 21:58 | Queue | Villager (Male) |
| 22:02 | Build | House |
| 22:04 | Queue | Villager (Male) |
| 22:27 | Queue | Villager (Male) |
| 22:34 | Queue | Villager (Male) |
| 22:46 | Queue | Villager (Male) |
| 23:03 | Queue | Villager (Male) |
| 23:04 | Queue | Villager (Male) |
| 23:12 | Queue | Villager (Male) |
| 23:19 | Queue | Villager (Male) |
| 23:20 | Build | Stone Wall |
| 23:41 | Queue | Villager (Male) |
| 23:45 | Queue | Villager (Male) |
| 24:00 | Queue | Villager (Male) |
| 24:11 | Queue | Villager (Male) |
| 24:18 | Build | Farm |
| 24:28 | Queue | Villager (Male) |
| 24:35 | Queue | Villager (Male) |
| 24:49 | Queue | Villager (Male) |
| 24:51 | Build | Farm |
| 24:51 | Build | Farm |
| 24:55 | Build | Town Center |
| 25:03 | Build | Farm |
| 25:05 | Build | Farm |
| 25:06 | Queue | Villager (Male) |
| 25:07 | Build | Farm |
| 25:08 | Build | Farm |
| 25:12 | Build | Farm |
| 25:17 | Queue | Villager (Male) |
| 25:27 | Queue | Villager (Male) |
| 25:30 | Build | Farm |
Build order — hK | GAGAYA
First 150 of 560 actions detected
| 0:02 | Queue | Villager (Male) |
| 0:02 | Queue | Villager (Male) |
| 0:03 | Queue | Villager (Male) |
| 0:04 | Build | House |
| 0:05 | Build | House |
| 0:13 | Queue | Villager (Male) |
| 1:31 | Queue | Villager (Male) |
| 2:05 | Queue | Villager (Male) |
| 2:08 | Queue | Villager (Male) |
| 2:08 | Queue | Villager (Male) |
| 2:27 | Queue | Villager (Male) |
| 3:19 | Queue | Villager (Male) |
| 3:31 | Build | Mill |
| 3:37 | Build | House |
| 3:40 | Build | House |
| 3:48 | Queue | Villager (Male) |
| 3:58 | Build | Lumber Camp |
| 4:08 | Queue | Villager (Male) |
| 4:09 | Queue | Villager (Male) |
| 4:22 | Queue | Villager (Male) |
| 4:59 | Queue | Villager (Male) |
| 5:11 | Queue | Villager (Male) |
| 5:42 | Queue | Villager (Male) |
| 6:03 | Queue | Villager (Male) |
| 6:29 | Queue | Villager (Male) |
| 6:54 | Queue | Villager (Male) |
| 7:10 | Queue | Villager (Male) |
| 7:12 | Queue | Villager (Male) |
| 7:15 | Build | House |
| 7:31 | Queue | Villager (Male) |
| 7:32 | Queue | Villager (Male) |
| 7:34 | Queue | Villager (Male) |
| 7:37 | Build | Lumber Camp |
| 8:58 | Build | Farm |
| 8:59 | Build | Farm |
| 9:00 | Build | Farm |
| 9:05 | Build | Farm |
| 9:19 | Build | Mining Camp |
| 9:36 | Queue | Villager (Male) |
| 9:38 | Build | Farm |
| 9:59 | Research | Feudal Age |
| 10:12 | Build | House |
| 11:49 | Build | Farm |
| 11:52 | Build | Farm |
| 12:10 | Queue | Villager (Male) |
| 12:13 | Age | Feudal Age |
| 12:32 | Build | Farm |
| 12:33 | Build | Farm |
| 12:40 | Build | Farm |
| 12:44 | Research | Castle Age |
| 13:12 | Research | Double-Bit Axe |
| 13:27 | Queue | Villager (Male) |
| 14:26 | Queue | Villager (Male) |
| 14:46 | Build | Farm |
| 14:57 | Build | Farm |
| 15:19 | Queue | Villager (Male) |
| 15:24 | Age | Castle Age |
| 15:35 | Build | Town Center |
| 15:37 | Build | Town Center |
| 15:42 | Build | Town Center |
| 15:43 | Queue | Villager (Male) |
| 15:51 | Research | Bow Saw |
| 15:55 | Research | Wheelbarrow |
| 15:56 | Research | Horse Collar |
| 16:08 | Queue | Villager (Male) |
| 16:33 | Build | House |
| 16:34 | Build | House |
| 16:35 | Build | House |
| 16:36 | Build | House |
| 16:51 | Research | Heavy Plow |
| 17:09 | Queue | Villager (Male) |
| 17:10 | Queue | Villager (Male) |
| 17:12 | Build | Farm |
| 17:15 | Queue | Villager (Male) |
| 17:25 | Build | Farm |
| 17:29 | Queue | Villager (Male) |
| 17:42 | Build | Farm |
| 17:43 | Queue | Villager (Male) |
| 17:43 | Queue | Villager (Male) |
| 17:46 | Build | Farm |
| 17:55 | Queue | Villager (Male) |
| 17:55 | Queue | Villager (Male) |
| 18:09 | Queue | Villager (Male) |
| 18:17 | Queue | Villager (Male) |
| 18:23 | Build | Farm |
| 18:23 | Build | Farm |
| 18:23 | Build | Farm |
| 18:23 | Build | Farm |
| 18:30 | Queue | Villager (Male) |
| 18:36 | Queue | Villager (Male) |
| 18:36 | Queue | Villager (Male) |
| 18:39 | Build | Farm |
| 18:39 | Build | Farm |
| 18:45 | Queue | Villager (Male) |
| 18:48 | Build | Farm |
| 18:49 | Build | Farm |
| 18:58 | Queue | Villager (Male) |
| 19:01 | Build | Farm |
| 19:02 | Build | Farm |
| 19:05 | Build | House |
| 19:06 | Build | House |
| 19:07 | Queue | Villager (Male) |
| 19:07 | Queue | Villager (Male) |
| 19:14 | Queue | Villager (Male) |
| 19:21 | Build | Farm |
| 19:22 | Queue | Villager (Male) |
| 19:30 | Queue | Villager (Male) |
| 19:30 | Queue | Villager (Male) |
| 19:37 | Queue | Villager (Male) |
| 19:37 | Queue | Villager (Male) |
| 19:40 | Queue | Villager (Male) |
| 19:40 | Queue | Villager (Male) |
| 19:46 | Queue | Villager (Male) |
| 19:46 | Queue | Villager (Male) |
| 19:52 | Queue | Villager (Male) |
| 20:03 | Queue | Villager (Male) |
| 20:04 | Queue | Villager (Male) |
| 20:07 | Queue | Villager (Male) |
| 20:11 | Build | Market |
| 20:12 | Queue | Villager (Male) |
| 20:15 | Build | Mining Camp |
| 20:17 | Queue | Villager (Male) |
| 20:17 | Queue | Villager (Male) |
| 20:24 | Queue | Villager (Male) |
| 20:29 | Build | Farm |
| 20:29 | Build | Farm |
| 20:32 | Build | Farm |
| 20:33 | Build | Farm |
| 20:35 | Build | Farm |
| 20:36 | Build | Farm |
| 20:37 | Queue | Villager (Male) |
| 20:38 | Queue | Villager (Male) |
| 20:43 | Queue | Villager (Male) |
| 20:48 | Queue | Villager (Male) |
| 20:54 | Queue | Villager (Male) |
| 20:54 | Queue | Villager (Male) |
| 21:00 | Queue | Villager (Male) |
| 21:00 | Queue | Villager (Male) |
| 21:01 | Queue | Villager (Male) |
| 21:08 | Queue | Villager (Male) |
| 21:15 | Queue | Villager (Male) |
| 21:16 | Build | Town Center |
| 21:17 | Queue | Villager (Male) |
| 21:17 | Queue | Villager (Male) |
| 21:23 | Queue | Villager (Male) |
| 21:24 | Queue | Villager (Male) |
| 21:27 | Queue | Villager (Male) |
| 21:27 | Queue | Villager (Male) |
| 21:33 | Queue | Villager (Male) |
| 21:35 | Build | Town Center |
Build order — La hermana Nancy
First 150 of 392 actions detected
| 0:00 | Queue | Villager (Male) |
| 0:01 | Queue | Villager (Male) |
| 0:02 | Build | House |
| 0:03 | Build | House |
| 0:21 | Queue | Villager (Male) |
| 0:21 | Queue | Villager (Male) |
| 1:30 | Queue | Villager (Male) |
| 1:30 | Queue | Villager (Male) |
| 1:57 | Build | Lumber Camp |
| 2:24 | Queue | Villager (Male) |
| 2:24 | Queue | Villager (Male) |
| 2:24 | Queue | Villager (Male) |
| 2:55 | Queue | Villager (Male) |
| 2:55 | Queue | Villager (Male) |
| 2:56 | Queue | Villager (Male) |
| 3:33 | Queue | Villager (Male) |
| 3:33 | Queue | Villager (Male) |
| 4:20 | Build | House |
| 4:21 | Build | House |
| 4:27 | Queue | Villager (Male) |
| 4:27 | Queue | Villager (Male) |
| 4:28 | Queue | Villager (Male) |
| 4:41 | Build | Mill |
| 5:20 | Queue | Villager (Male) |
| 5:21 | Queue | Villager (Male) |
| 5:44 | Queue | Villager (Male) |
| 5:46 | Queue | Villager (Male) |
| 6:05 | Build | Farm |
| 6:07 | Build | Farm |
| 6:31 | Queue | Villager (Male) |
| 7:03 | Build | Farm |
| 7:22 | Queue | Villager (Male) |
| 7:48 | Build | Mining Camp |
| 7:59 | Build | House |
| 8:01 | Queue | Villager (Male) |
| 8:24 | Queue | Villager (Male) |
| 8:53 | Research | Feudal Age |
| 9:07 | Build | Farm |
| 9:59 | Build | Farm |
| 10:01 | Build | Farm |
| 10:10 | Queue | Villager (Male) |
| 10:30 | Build | Farm |
| 11:14 | Age | Feudal Age |
| 11:18 | Research | Castle Age |
| 12:37 | Research | Double-Bit Axe |
| 12:38 | Research | Gold Mining |
| 13:30 | Research | Horse Collar |
| 13:58 | Age | Castle Age |
| 14:01 | Build | Stable |
| 14:04 | Build | Town Center |
| 14:04 | Queue | Villager (Male) |
| 14:05 | Queue | Villager (Male) |
| 14:12 | Research | Bow Saw |
| 14:12 | Research | Bow Saw |
| 14:43 | Queue | Villager (Male) |
| 15:08 | Queue | Villager (Male) |
| 15:08 | Queue | Villager (Male) |
| 15:19 | Build | House |
| 15:21 | Build | House |
| 15:28 | Build | Farm |
| 15:35 | Build | Farm |
| 15:36 | Queue | Villager (Male) |
| 15:39 | Queue | Villager (Male) |
| 15:42 | Build | Farm |
| 15:56 | Build | Farm |
| 16:13 | Queue | Villager (Male) |
| 16:13 | Queue | Villager (Male) |
| 16:16 | Build | Farm |
| 16:21 | Queue | Villager (Male) |
| 16:23 | Queue | Villager (Male) |
| 16:27 | Build | Farm |
| 16:35 | Queue | Villager (Male) |
| 16:36 | Queue | Villager (Male) |
| 16:50 | Build | House |
| 16:53 | Build | Farm |
| 16:56 | Queue | Villager (Male) |
| 16:56 | Queue | Villager (Male) |
| 17:10 | Queue | Villager (Male) |
| 17:27 | Queue | Villager (Male) |
| 17:28 | Queue | Villager (Male) |
| 17:35 | Queue | Villager (Male) |
| 17:35 | Queue | Villager (Male) |
| 17:41 | Build | Monastery |
| 17:46 | Build | House |
| 17:47 | Build | House |
| 18:05 | Queue | Villager (Male) |
| 18:06 | Queue | Villager (Male) |
| 18:06 | Queue | Villager (Male) |
| 18:12 | Queue | Monk |
| 18:12 | Queue | Monk |
| 18:17 | Queue | Villager (Male) |
| 18:19 | Build | Farm |
| 18:21 | Build | Farm |
| 18:36 | Build | Farm |
| 18:39 | Queue | Battle Elephant |
| 18:47 | Build | House |
| 18:53 | Queue | Villager (Male) |
| 18:53 | Queue | Villager (Male) |
| 19:00 | Queue | Villager (Male) |
| 19:13 | Build | Town Center |
| 19:14 | Queue | Villager (Male) |
| 19:20 | Queue | Villager (Male) |
| 19:32 | Build | House |
| 19:33 | Queue | Villager (Male) |
| 19:33 | Queue | Villager (Male) |
| 19:44 | Queue | Villager (Male) |
| 19:44 | Queue | Villager (Male) |
| 19:53 | Build | Lumber Camp |
| 19:59 | Queue | Villager (Male) |
| 19:59 | Queue | Villager (Male) |
| 20:02 | Build | House |
| 20:04 | Queue | Monk |
| 20:10 | Queue | Villager (Male) |
| 20:22 | Build | Farm |
| 20:26 | Build | Farm |
| 20:27 | Queue | Villager (Male) |
| 20:27 | Queue | Villager (Male) |
| 20:35 | Build | House |
| 20:36 | Build | House |
| 20:51 | Research | Fervor |
| 21:00 | Queue | Villager (Male) |
| 21:01 | Queue | Villager (Male) |
| 21:01 | Queue | Villager (Male) |
| 21:04 | Build | Farm |
| 21:06 | Build | Farm |
| 21:17 | Build | Castle |
| 21:22 | Queue | Knight |
| 21:23 | Queue | Knight |
| 21:24 | Queue | Villager (Male) |
| 21:24 | Queue | Villager (Male) |
| 21:34 | Build | Market |
| 21:37 | Queue | Villager (Male) |
| 21:40 | Build | Mining Camp |
| 21:48 | Queue | Villager (Male) |
| 21:50 | Queue | Knight |
| 21:50 | Queue | Knight |
| 21:55 | Queue | Villager (Male) |
| 21:58 | Build | Mining Camp |
| 22:01 | Queue | Villager (Male) |
| 22:02 | Queue | Villager (Male) |
| 22:21 | Build | Stable |
| 22:22 | Build | Stable |
| 22:24 | Queue | Villager (Male) |
| 22:24 | Queue | Villager (Male) |
| 22:25 | Queue | Villager (Male) |
| 22:40 | Build | Farm |
| 22:43 | Build | Farm |
| 22:44 | Build | Farm |
| 22:45 | Build | Farm |
| 22:55 | Build | Farm |
Build order — 张宇腾
First 150 of 338 actions detected
| 0:01 | Queue | Villager (Male) ×4 |
| 0:02 | Queue | Villager (Male) ×4 |
| 0:04 | Build | House |
| 0:07 | Build | House |
| 1:31 | Queue | Villager (Male) |
| 1:49 | Build | Lumber Camp |
| 2:02 | Queue | Villager (Male) |
| 2:20 | Queue | Villager (Male) |
| 2:51 | Queue | Villager (Male) |
| 2:51 | Queue | Villager (Male) |
| 3:19 | Queue | Villager (Male) |
| 3:19 | Queue | Villager (Male) |
| 3:31 | Build | House |
| 3:32 | Build | House |
| 3:32 | Build | House |
| 3:41 | Queue | Villager (Male) |
| 3:57 | Queue | Villager (Male) |
| 4:29 | Queue | Villager (Male) |
| 4:37 | Build | Mill |
| 4:55 | Queue | Villager (Male) |
| 4:55 | Queue | Villager (Male) |
| 5:23 | Queue | Villager (Male) |
| 6:04 | Queue | Villager (Male) |
| 6:09 | Queue | Villager (Male) |
| 6:42 | Queue | Villager (Male) |
| 7:00 | Queue | Villager (Male) |
| 7:41 | Build | Mining Camp |
| 7:55 | Queue | Villager (Male) |
| 7:58 | Research | Loom |
| 8:22 | Research | Feudal Age |
| 9:29 | Build | Palisade Wall |
| 9:43 | Build | Palisade Wall |
| 10:17 | Build | Palisade Wall |
| 10:20 | Queue | Villager (Male) |
| 10:32 | Age | Feudal Age |
| 10:39 | Build | Market |
| 10:50 | Build | Blacksmith |
| 11:04 | Research | Loom |
| 11:19 | Build | House |
| 11:23 | Build | House |
| 11:25 | Build | House |
| 12:12 | Research | Castle Age |
| 12:31 | Build | House |
| 12:33 | Build | House |
| 12:51 | Build | House |
| 12:53 | Build | House |
| 13:15 | Queue | Villager (Male) |
| 13:15 | Queue | Villager (Male) |
| 13:28 | Research | Double-Bit Axe |
| 13:55 | Build | Palisade Wall |
| 14:14 | Build | House |
| 14:20 | Build | House |
| 14:45 | Build | Watch Tower |
| 14:52 | Age | Castle Age |
| 15:21 | Queue | Villager (Male) |
| 15:46 | Build | Siege Workshop |
| 16:02 | Build | Stone Wall |
| 16:09 | Build | Farm |
| 16:14 | Build | Farm |
| 16:42 | Queue | Mangonel |
| 16:49 | Build | Farm |
| 16:55 | Build | Farm |
| 16:59 | Build | Farm |
| 17:10 | Build | Farm |
| 17:14 | Queue | Villager (Male) |
| 17:27 | Build | Farm |
| 17:30 | Build | Farm |
| 17:53 | Build | Palisade Gate |
| 18:16 | Queue | Villager (Male) |
| 18:26 | Build | Town Center |
| 18:33 | Queue | Villager (Male) |
| 18:51 | Queue | Villager (Male) |
| 19:09 | Build | Town Center |
| 19:15 | Queue | Villager (Male) |
| 19:29 | Build | Stone Wall |
| 19:36 | Queue | Villager (Male) |
| 19:50 | Queue | Villager (Male) |
| 19:56 | Build | Farm |
| 19:57 | Build | Farm |
| 20:03 | Build | Farm |
| 20:23 | Build | Mining Camp |
| 20:24 | Queue | Villager (Male) |
| 20:24 | Queue | Villager (Male) |
| 20:31 | Build | Farm |
| 20:45 | Queue | Villager (Male) |
| 20:48 | Build | Farm |
| 20:53 | Build | Farm |
| 21:08 | Queue | Villager (Male) |
| 21:09 | Queue | Villager (Male) |
| 21:14 | Build | Farm |
| 21:16 | Build | Farm |
| 21:18 | Build | Farm |
| 21:21 | Build | Farm |
| 21:28 | Queue | Villager (Male) |
| 21:34 | Build | Farm |
| 21:35 | Build | Farm |
| 21:43 | Research | Horse Collar |
| 21:52 | Queue | Villager (Male) |
| 21:56 | Build | Farm |
| 22:03 | Queue | Villager (Male) |
| 22:10 | Queue | Villager (Male) |
| 22:10 | Queue | Villager (Male) |
| 22:10 | Queue | Villager (Male) |
| 22:25 | Queue | Villager (Male) |
| 22:30 | Queue | Villager (Male) |
| 22:42 | Queue | Villager (Male) |
| 22:43 | Queue | Villager (Male) |
| 22:50 | Build | Farm |
| 22:52 | Build | Farm |
| 22:52 | Build | Farm |
| 22:53 | Build | Farm |
| 22:55 | Queue | Villager (Male) |
| 22:59 | Build | Farm |
| 23:00 | Build | Farm |
| 23:01 | Build | Farm |
| 23:14 | Queue | Villager (Male) |
| 23:15 | Queue | Villager (Male) |
| 23:15 | Queue | Villager (Male) |
| 23:20 | Build | Farm |
| 23:21 | Build | Farm |
| 23:33 | Queue | Villager (Male) |
| 23:33 | Queue | Villager (Male) |
| 23:34 | Queue | Villager (Male) |
| 23:39 | Build | Farm |
| 23:41 | Build | Farm |
| 24:03 | Queue | Villager (Male) |
| 24:04 | Queue | Villager (Male) |
| 24:04 | Queue | Villager (Male) |
| 24:12 | Build | Farm |
| 24:15 | Build | Farm |
| 24:16 | Build | Farm |
| 24:20 | Research | Wheelbarrow |
| 24:22 | Queue | Villager (Male) |
| 24:22 | Queue | Villager (Male) |
| 24:30 | Queue | Villager (Male) |
| 24:38 | Queue | Villager (Male) |
| 24:39 | Queue | Villager (Male) |
| 24:47 | Build | Farm |
| 24:48 | Build | Farm |
| 24:58 | Queue | Villager (Male) |
| 24:58 | Queue | Villager (Male) |
| 24:59 | Queue | Villager (Male) |
| 25:36 | Queue | Villager (Male) |
| 25:37 | Queue | Villager (Male) |
| 25:37 | Queue | Villager (Male) |
| 25:57 | Build | Town Center |
| 26:06 | Queue | Villager (Male) |
| 26:06 | Queue | Villager (Male) |
| 26:14 | Build | House |
| 26:15 | Build | House |
Build order — Ux'unreal.
First 150 of 422 actions detected
| 0:01 | Queue | Villager (Male) |
| 0:02 | Build | House |
| 0:03 | Build | House |
| 0:14 | Queue | Villager (Male) |
| 0:14 | Queue | Villager (Male) |
| 0:14 | Queue | Villager (Male) |
| 1:23 | Queue | Villager (Male) |
| 1:23 | Queue | Villager (Male) |
| 1:58 | Queue | Villager (Male) |
| 1:58 | Queue | Villager (Male) |
| 2:24 | Queue | Villager (Male) |
| 2:25 | Queue | Villager (Male) |
| 2:49 | Build | Lumber Camp |
| 2:50 | Queue | Villager (Male) |
| 2:51 | Queue | Villager (Male) |
| 3:08 | Queue | Villager (Male) |
| 3:40 | Queue | Villager (Male) |
| 3:40 | Queue | Villager (Male) |
| 3:53 | Queue | Villager (Male) |
| 3:57 | Build | House |
| 3:58 | Build | House |
| 4:07 | Build | House |
| 4:09 | Queue | Villager (Male) |
| 4:30 | Queue | Villager (Male) |
| 4:46 | Queue | Villager (Male) |
| 5:01 | Queue | Villager (Male) |
| 5:15 | Queue | Villager (Male) |
| 5:17 | Build | Mill |
| 6:17 | Queue | Villager (Male) |
| 7:03 | Queue | Villager (Male) |
| 7:28 | Queue | Villager (Male) |
| 7:41 | Queue | Villager (Male) |
| 7:47 | Build | Mining Camp |
| 8:04 | Queue | Villager (Male) |
| 8:29 | Build | Lumber Camp |
| 8:39 | Research | Feudal Age |
| 9:41 | Build | Farm |
| 9:42 | Build | Farm |
| 9:43 | Build | Farm |
| 10:02 | Build | Farm |
| 10:16 | Build | Farm |
| 10:19 | Queue | Villager (Male) |
| 10:23 | Build | House |
| 10:56 | Age | Feudal Age |
| 11:00 | Queue | Villager (Male) |
| 11:08 | Build | Market |
| 11:43 | Build | Blacksmith |
| 11:46 | Queue | Villager (Male) |
| 12:16 | Build | Farm |
| 12:17 | Research | Castle Age |
| 12:17 | Research | Castle Age |
| 12:31 | Build | Farm |
| 12:33 | Build | Farm |
| 12:44 | Build | Farm |
| 12:48 | Build | Farm |
| 12:56 | Research | Double-Bit Axe |
| 13:36 | Research | Horse Collar |
| 13:36 | Research | Horse Collar |
| 13:43 | Build | House |
| 13:45 | Build | House |
| 13:47 | Build | House |
| 14:46 | Queue | Villager (Male) |
| 14:57 | Age | Castle Age |
| 15:09 | Queue | Villager (Male) |
| 15:12 | Build | Town Center |
| 15:17 | Build | Town Center |
| 15:21 | Build | Town Center |
| 15:23 | Build | House |
| 15:24 | Build | House |
| 15:44 | Queue | Villager (Male) |
| 16:06 | Build | Farm |
| 16:07 | Build | Farm |
| 16:08 | Queue | Villager (Male) |
| 16:09 | Queue | Villager (Male) |
| 16:09 | Queue | Villager (Male) |
| 16:18 | Queue | Villager (Male) |
| 16:24 | Build | House |
| 16:25 | Queue | Villager (Male) |
| 16:27 | Queue | Villager (Male) |
| 16:39 | Research | Bow Saw |
| 16:39 | Research | Bow Saw |
| 16:43 | Queue | Villager (Male) |
| 16:44 | Build | Farm |
| 16:52 | Queue | Villager (Male) |
| 16:53 | Queue | Villager (Male) |
| 17:09 | Queue | Villager (Male) |
| 17:10 | Queue | Villager (Male) |
| 17:11 | Build | House |
| 17:12 | Build | House |
| 17:13 | Build | House |
| 17:19 | Build | Monastery |
| 17:26 | Queue | Villager (Male) |
| 17:37 | Build | Farm |
| 17:38 | Build | Farm |
| 17:38 | Build | Farm |
| 17:46 | Queue | Villager (Male) |
| 17:50 | Build | Farm |
| 17:51 | Build | Farm |
| 17:59 | Queue | Villager (Male) |
| 17:59 | Queue | Villager (Male) |
| 18:01 | Queue | Monk |
| 18:03 | Build | House |
| 18:04 | Build | House |
| 18:07 | Build | Farm |
| 18:07 | Build | Farm |
| 18:11 | Build | Farm |
| 18:13 | Queue | Villager (Male) |
| 18:21 | Build | Farm |
| 18:22 | Build | Farm |
| 18:24 | Queue | Villager (Male) |
| 18:27 | Queue | Villager (Male) |
| 18:35 | Build | Farm |
| 18:36 | Build | Farm |
| 18:40 | Build | Farm |
| 18:43 | Queue | Villager (Male) |
| 18:50 | Queue | Villager (Male) |
| 18:52 | Build | House |
| 18:53 | Queue | Villager (Male) |
| 18:55 | Build | Farm |
| 18:57 | Build | Farm |
| 18:59 | Build | Farm |
| 19:03 | Queue | Villager (Male) |
| 19:07 | Queue | Villager (Male) |
| 19:12 | Build | Farm |
| 19:16 | Queue | Villager (Male) |
| 19:29 | Queue | Monk |
| 19:36 | Queue | Villager (Male) |
| 19:36 | Queue | Villager (Male) |
| 19:36 | Queue | Villager (Male) |
| 19:37 | Build | House |
| 19:38 | Build | House |
| 19:50 | Research | Wheelbarrow |
| 19:55 | Build | Farm |
| 19:56 | Build | Farm |
| 19:58 | Build | Farm |
| 20:03 | Build | Farm |
| 20:06 | Build | Farm |
| 20:09 | Queue | Villager (Male) |
| 20:10 | Queue | Villager (Male) |
| 20:23 | Build | Town Center |
| 20:25 | Queue | Villager (Male) |
| 20:25 | Queue | Villager (Male) |
| 20:27 | Build | Farm |
| 20:28 | Queue | Villager (Male) |
| 20:32 | Research | Heavy Plow |
| 20:32 | Research | Heavy Plow |
| 20:38 | Build | House |
| 20:39 | Build | House |
| 20:39 | Build | House |
| 20:42 | Queue | Villager (Male) |
Match timeline
| 8:29 | KidCudi · age_up feudal |
| 8:45 | Panda · age_up feudal |
| 9:29 | 张宇腾 · wall_segment Palisade Wall x12 |
| 9:43 | 张宇腾 · wall_segment Palisade Wall x12 |
| 10:10 | EXILE | Kenny McCormick · age_up feudal |
| 10:17 | 张宇腾 · wall_segment Palisade Wall x11 |
| 10:32 | 张宇腾 · age_up feudal |
| 10:41 | gimme the rent · age_up feudal |
| 10:56 | Ux'unreal. · age_up feudal |
| 11:14 | La hermana Nancy · age_up feudal |
| 11:24 | EXILE | Kenny McCormick · first_market_sell 100 stone |
| 11:47 | 张宇腾 · first_market_sell 100 wood |
| 11:53 | 张宇腾 · first_market_buy 100 food |
| 12:13 | hK | GAGAYA · age_up feudal |
| 13:55 | 张宇腾 · wall_segment Palisade Wall x2 |
| 13:58 | La hermana Nancy · age_up castle |
| 14:01 | La hermana Nancy · first_building Stable |
| 14:08 | EXILE | Kenny McCormick · age_up castle |
| 14:17 | gimme the rent · age_up castle |
| 14:22 | EXILE | Kenny McCormick · first_building Castle |
| 14:23 | Panda · wall_segment Palisade Wall x1 |
| 14:24 | Panda · wall_segment Palisade Wall x1 |
| 14:24 | Panda · wall_segment Palisade Wall x1 |
| 14:25 | Panda · wall_segment Palisade Wall x1 |
| 14:25 | Panda · wall_segment Palisade Wall x2 |
| 14:25 | Panda · wall_segment Palisade Wall x1 |
| 14:52 | 张宇腾 · age_up castle |
| 14:54 | gimme the rent · first_building Castle |
| 14:57 | Ux'unreal. · age_up castle |
| 14:57 | gimme the rent · wall_segment Stone Wall x1 |
| 15:24 | hK | GAGAYA · age_up castle |
| 15:29 | Panda · wall_segment Palisade Wall x1 |
| 15:30 | Panda · wall_segment Palisade Wall x1 |
| 15:30 | Panda · wall_segment Palisade Wall x1 |
| 15:31 | Panda · wall_segment Palisade Wall x1 |
| 15:31 | Panda · wall_segment Palisade Wall x1 |
| 15:46 | 张宇腾 · first_building Siege Workshop |
| 15:51 | gimme the rent · first_market_buy 100 food |
| 15:59 | Panda · wall_segment Palisade Wall x1 |
| 16:02 | 张宇腾 · wall_segment Stone Wall x1 |
| 17:13 | KidCudi · first_building Barracks |
| 17:15 | EXILE | Kenny McCormick · wall_segment Stone Wall x1 |
| 17:19 | Ux'unreal. · first_building Monastery |
| 17:41 | La hermana Nancy · first_building Monastery |
| 17:58 | KidCudi · first_building Stable |
| 18:46 | gimme the rent · first_building Barracks |
| 18:59 | EXILE | Kenny McCormick · first_market_buy 100 food |
| 19:06 | Panda · first_market_sell 100 wood |
| 19:19 | KidCudi · age_up castle |
| 19:29 | 张宇腾 · wall_segment Stone Wall x1 |
| 19:36 | KidCudi · first_market_buy 100 food |
| 19:49 | EXILE | Kenny McCormick · first_building Monastery |
| 20:20 | Ux'unreal. · first_market_buy 100 stone |
| 20:23 | gimme the rent · first_building Stable |
| 21:14 | hK | GAGAYA · first_market_buy 100 stone |
| 21:17 | La hermana Nancy · first_building Castle |
| 21:38 | Panda · first_building Barracks |
| 22:55 | Panda · age_up castle |
| 23:20 | EXILE | Kenny McCormick · wall_segment Stone Wall x1 |
| 24:24 | La hermana Nancy · first_market_buy 100 stone |
| 25:02 | Panda · first_market_buy 100 wood |
| 25:05 | Ux'unreal. · first_building Barracks |
| 25:16 | Ux'unreal. · first_market_sell 100 food |
| 25:35 | gimme the rent · first_market_sell 100 stone |
| 25:55 | Ux'unreal. · first_building Castle |
| 26:02 | hK | GAGAYA · first_building Castle |
| 27:03 | KidCudi · first_building Monastery |
| 27:04 | Ux'unreal. · wall_segment Stone Wall x1 |
| 27:11 | Ux'unreal. · wall_segment Stone Wall x1 |
| 27:18 | Ux'unreal. · wall_segment Stone Wall x1 |
| 27:21 | hK | GAGAYA · first_building Stable |
| 27:45 | 张宇腾 · first_building Monastery |
| 27:53 | Ux'unreal. · first_building Archery Range |
| 28:29 | Ux'unreal. · age_up imperial |
| 28:41 | Panda · first_building Siege Workshop |
| 28:44 | 张宇腾 · first_building Barracks |
| 28:54 | hK | GAGAYA · first_market_sell 500 food |
| 29:10 | Panda · first_building Castle |
| 29:22 | 张宇腾 · first_building Archery Range |
| 30:05 | gimme the rent · age_up imperial |
| 30:10 | hK | GAGAYA · age_up imperial |
| 30:22 | KidCudi · first_market_sell 100 food |
| 30:26 | gimme the rent · wall_segment Stone Wall x4 |
| 30:30 | EXILE | Kenny McCormick · first_building Barracks |
| 30:39 | Ux'unreal. · first_building Siege Workshop |
| 30:56 | Ux'unreal. · first_building Stable |
| 30:59 | KidCudi · age_up imperial |
| 31:02 | gimme the rent · wall_segment Stone Wall x4 |
| 31:05 | La hermana Nancy · age_up imperial |
| 31:18 | EXILE | Kenny McCormick · wall_segment Stone Wall x1 |
| 31:20 | EXILE | Kenny McCormick · wall_segment Stone Wall x1 |
| 31:22 | EXILE | Kenny McCormick · wall_segment Stone Wall x1 |
| 31:23 | EXILE | Kenny McCormick · wall_segment Stone Wall x1 |
| 31:24 | EXILE | Kenny McCormick · wall_segment Stone Wall x1 |
| 31:26 | EXILE | Kenny McCormick · wall_segment Stone Wall x1 |
| 31:27 | EXILE | Kenny McCormick · wall_segment Stone Wall x1 |
| 31:30 | gimme the rent · wall_segment Stone Wall x3 |
| 31:42 | gimme the rent · wall_segment Stone Wall x1 |
| 31:43 | gimme the rent · wall_segment Stone Wall x1 |
| 31:45 | gimme the rent · wall_segment Stone Wall x1 |
| 31:47 | gimme the rent · wall_segment Stone Wall x6 |
| 31:50 | 张宇腾 · age_up imperial |
| 31:55 | gimme the rent · wall_segment Stone Wall x1 |
| 31:57 | EXILE | Kenny McCormick · first_building Stable |
| 32:07 | gimme the rent · wall_segment Stone Wall x1 |
| 33:14 | Panda · age_up imperial |
| 33:21 | KidCudi · first_building Castle |
| 33:37 | EXILE | Kenny McCormick · age_up imperial |
| 33:49 | 张宇腾 · first_building Stable |
| 34:00 | hK | GAGAYA · wall_segment Palisade Wall x1 |
| 34:10 | Panda · wall_segment Stone Wall x1 |
| 34:48 | hK | GAGAYA · first_building Siege Workshop |
| 35:53 | 张宇腾 · first_building Castle |
| 37:04 | EXILE | Kenny McCormick · first_building Archery Range |
| 37:28 | Ux'unreal. · tribute_sent a jugador 1 |
| 37:28 | Ux'unreal. · tribute_sent a jugador 2 |
| 37:28 | Ux'unreal. · tribute_sent a jugador 3 |
| 37:28 | Ux'unreal. · tribute_sent a jugador 4 |
| 37:28 | Ux'unreal. · tribute_sent a jugador 5 |
| 37:28 | Ux'unreal. · tribute_sent a jugador 6 |
| 37:28 | Ux'unreal. · tribute_sent a jugador 7 |
| 37:44 | gimme the rent · wall_segment Stone Wall x1 |
| 37:45 | gimme the rent · wall_segment Stone Wall x5 |
| 38:01 | EXILE | Kenny McCormick · wall_segment Stone Wall x1 |
| 38:05 | EXILE | Kenny McCormick · wall_segment Stone Wall x4 |
| 38:10 | EXILE | Kenny McCormick · wall_segment Stone Wall x1 |
| 38:14 | gimme the rent · wall_segment Stone Wall x2 |
| 38:22 | EXILE | Kenny McCormick · first_building Siege Workshop |
| 38:38 | Panda · wall_segment Stone Wall x1 |
| 39:18 | Ux'unreal. · tribute_sent a jugador 1 |
| 39:18 | Ux'unreal. · tribute_sent a jugador 2 |
| 39:18 | Ux'unreal. · tribute_sent a jugador 3 |
| 39:18 | Ux'unreal. · tribute_sent a jugador 4 |
| 39:18 | Ux'unreal. · tribute_sent a jugador 5 |
| 39:18 | Ux'unreal. · tribute_sent a jugador 6 |
| 39:18 | Ux'unreal. · tribute_sent a jugador 7 |
| 40:02 | La hermana Nancy · first_building Siege Workshop |
| 40:53 | hK | GAGAYA · first_building Archery Range |
| 41:51 | hK | GAGAYA · resign |
[ AI ANALYSIS · 1 CREDIT ]
What really happened in this match?
Wolo.gg analyzes every decision: build order, eco, micro, common mistakes by bracket. Personalized analysis on WhatsApp or Discord in 30 seconds.
Civ guide
Cumans
Perfil
Jugador #14274535